Map: Thunderbird LE

Players

Snute

  • Race: Zerg Zerg
  • Spawn Location: 11:00

TLO - Winner!

  • Race: Zerg Zerg
  • Spawn Location: 5:00

Event: 2019 WCS Summer

VOD

Have the link to the VOD?

Description

Time

  • Played on: July 12, 2019, 9:17 a.m.
  • Length: 12:35

All games in this series

Show
View Real Time Build Order
Export as new Build Order

Snute Zerg 

Build Orders: Hatch First 

Get SALT Encoding   

  12  0:00  Drone  
  13  0:12  Overlord  
  13  0:17  Drone  
  14  0:30  Drone x2  
  14  0:34  Drone  
  17  0:51  Hatchery  
  17  0:54  Drone  
  17  0:57  Drone  
  18  1:08  Extractor  
  17  1:12  Spawning Pool  
  17  1:14  Drone  
  17  1:18  Drone  
  18  1:27  Drone  
  19  1:38  Overlord  
  19  1:49  Drone  
  20  1:58  Queen  
  20  2:00  Drone  
  23  2:03  Queen  
  23  2:04  Drone  
  23  2:07  Metabolic Boost  
  26  2:10  Drone  
  26  2:15  Drone  
  28  2:23  Drone  
  28  2:26  Drone  
  30  2:32  Drone  
  30  2:35  Drone, Hatchery  
  31  2:43  Overlord  
  31  2:46  Drone  
  32  2:53  Drone  
  33  3:00  Baneling Nest  
  33  3:01  Drone  
  33  3:04  Drone  
  34  3:07  Zergling x6  
  34  3:10  Zergling x8  
  41  3:15  Queen  
  41  3:17  Overlord  
  43  3:20  Drone  
  44  3:27  Evolution Chamber  
  44  3:28  Overlord  
  44  3:31  Overlord  
  43  3:37  Drone  
  44  3:46  Zergling x2  
  44  3:48  Drone x6  
  51  3:54  Zerg Missile Weapons Level 1  
  50  3:56  Extractor  
  50  3:59  Drone  
  50  4:00  Drone, Roach Warren  
  50  4:04  Drone  
  50  4:07  Extractor  
  50  4:11  Drone x4  
  50  4:12  Drone  
  55  4:19  Overlord  
  55  4:23  Drone x2  
  57  4:28  Baneling x2  
  57  4:29  Overlord  
  56  4:36  Overlord x2  
  55  4:41  Lair  
  55  4:42  Roach x3  
  55  4:43  Drone  
  55  4:44  Drone  
  55  4:45  Drone  
  64  4:47  Drone  
  64  4:48  Drone  
  64  4:50  Drone  
  64  4:51  Drone  
  68  4:53  Drone  
  68  4:55  Drone  
  68  4:56  Drone  
  68  4:58  Baneling  
  71  5:00  Drone x2  
  71  5:01  Drone  
  71  5:05  Roach x2  
  78  5:10  Drone  
  78  5:12  Drone  
  78  5:13  Extractor  
  79  5:21  Queen x2, Roach x2  
  83  5:26  Roach x3  
  90  5:28  Drone x2  
  90  5:30  Overlord  
  90  5:32  Drone  
  90  5:33  Drone, Extractor  
  90  5:34  Drone  
  94  5:38  Drone x3  
  94  5:40  Overseer  
  97  5:43  Glial Reconstitution  
  97  5:44  Overlord  
  97  5:47  Pneumatized Carapace  
  97  5:48  Drone x2  
  97  5:49  Extractor  
  98  5:53  Zerg Missile Weapons Level 2  
  98  5:56  Evolution Chamber  
  97  6:00  Roach x4  
  105  6:10  Overlord  
  104  6:18  Hatchery  
  103  6:22  Zerg Ground Armor Level 1  
  103  6:23  Hydralisk Den, Drone x3  
  103  6:24  Drone  
  108  6:25  Roach  
  108  6:26  Roach x3  
  108  6:28  Overlord  
  108  6:29  Overlord  
  114  6:36  Overlord  
  114  6:43  Overlord  
  114  6:45  Roach x4  
  122  6:53  Overlord, Roach x4  
  122  6:54  Lurker Den, Roach  
  131  6:57  Overseer  
  131  7:00  Roach x3  
  137  7:12  Roach x7  
  151  7:17  Grooved Spines  
  151  7:22  Roach x5  
  161  7:27  Spore Crawler  
  160  7:30  Roach x4  
  160  7:34  Overlord  
  160  7:35  Overlord  
  168  7:51  Overlord  
  168  7:52  Overlord  
  168  7:58  Overseer x3  
  167  8:04  Roach x2  
  169  8:07  Roach x4  
  175  8:13  Ravager x6  
  175  8:17  Roach x3  
  179  8:21  Roach x2  
  179  8:25  Roach x3  
  168  8:28  Roach x2  
  168  8:32  Roach x2  
  168  8:33  Roach  
  154  8:36  Roach x2  
  154  8:43  Roach x3  
  160  8:48  Hatchery  
  160  8:49  Roach x3  
  160  8:55  Roach x2  
  169  9:07  Roach x3  
  175  9:13  Roach  
  155  9:17  Roach x2  
  155  9:23  Roach  
  139  9:30  Roach x3  
  142  9:32  Ravager  
  142  9:33  Zerg Ground Armor Level 2, Ravager  
  142  9:37  Roach x2  
  142  9:38  Roach x3  
  154  9:45  Roach  
  156  9:49  Extractor, Roach x2  
  156  9:51  Overseer  
  157  9:53  Extractor  
  154  10:00  Roach x5  
  154  10:01  Infestation Pit  
  163  10:08  Roach x5  
  163  10:10  Ravager  
  172  10:17  Roach x6  
  184  10:26  Overlord x2  
  184  10:42  Hive  
  184  10:46  Hydralisk x8  
  184  10:49  Muscular Augments  
  198  11:25  Hydralisk x2  
  162  11:41  Roach x21  
  162  11:43  Roach x5  
  162  11:46  Roach x3  
  173  11:48  Roach  
  169  11:56  Roach x3  
  148  12:03  Roach x5  
  148  12:06  Overseer  
  148  12:08  Roach x2  
  131  12:09  Ravager x7  
  131  12:11  Ravager  
  131  12:12  Roach  
  132  12:16  Roach  
Show
View Real Time Build Order
Export as new Build Order

TLO Zerg - Winner!

Build Orders: 3 Hatch before Pool, Lurkers, Roach Hydra 

Get SALT Encoding   

  12  0:00  Drone  
  13  0:12  Overlord  
  13  0:16  Drone  
  14  0:31  Drone x2  
  16  0:48  Hatchery  
  15  0:51  Drone  
  15  0:54  Drone  
  17  0:57  Drone  
  18  1:18  Hatchery  
  18  1:21  Drone  
  18  1:33  Spawning Pool  
  18  1:37  Drone  
  18  1:39  Drone  
  19  1:43  Drone  
  20  1:55  Overlord  
  20  2:00  Drone x2  
  22  2:10  Drone  
  22  2:11  Drone  
  24  2:20  Queen x2  
  24  2:21  Drone  
  29  2:23  Drone  
  30  2:30  Queen  
  30  2:31  Drone  
  30  2:35  Drone x2  
  35  2:45  Drone  
  35  2:47  Overlord  
  35  2:49  Drone  
  37  2:52  Drone  
  37  2:53  Drone  
  37  2:55  Queen  
  41  3:01  Drone  
  41  3:05  Queen, Overlord  
  44  3:06  Drone  
  44  3:09  Overlord  
  45  3:13  Drone, Extractor  
  45  3:14  Extractor  
  45  3:16  Drone x2  
  46  3:25  Drone  
  47  3:27  Overlord  
  47  3:28  Drone  
  47  3:29  Zergling x6  
  51  3:39  Zergling x2  
  51  3:40  Zergling x4  
  54  3:44  Zergling x4  
  54  3:45  Zergling x2  
  54  3:47  Drone  
  58  3:51  Drone  
  58  3:54  Drone  
  59  3:59  Overlord  
  59  4:01  Drone  
  59  4:02  Evolution Chamber x2  
  59  4:06  Drone x2  
  59  4:07  Drone  
  59  4:09  Drone  
  62  4:10  Drone  
  62  4:13  Lair  
  62  4:15  Drone x2  
  62  4:16  Drone  
  67  4:17  Drone  
  67  4:18  Drone  
  68  4:25  Roach Warren  
  68  4:26  Drone  
  68  4:29  Drone x2  
  70  4:33  Drone  
  70  4:34  Extractor x2  
  70  4:35  Pneumatized Carapace  
  70  4:36  Drone  
  70  4:37  Drone  
  71  4:40  Overlord  
  71  4:41  Drone  
  71  4:45  Drone, Overlord  
  72  4:49  Zerg Missile Weapons Level 1  
  72  4:50  Drone x2  
  72  4:51  Drone  
  76  4:53  Drone  
  76  4:54  Extractor  
  76  4:55  Drone  
  76  4:58  Drone x2  
  79  5:04  Drone  
  79  5:06  Drone x2  
  82  5:07  Extractor  
  82  5:08  Drone  
  82  5:14  Roach x2  
  82  5:15  Roach x2  
  82  5:19  Overlord  
  90  5:23  Glial Reconstitution  
  90  5:24  Zerg Ground Armor Level 1  
  89  5:30  Drone  
  89  5:31  Drone  
  91  5:36  Hydralisk Den, Drone, Hatchery  
  91  5:40  Overlord  
  90  5:45  Overlord  
  90  5:47  Overlord  
  90  5:49  Roach x4  
  98  5:50  Roach  
  98  5:51  Roach  
  98  5:53  Roach  
  104  5:57  Overseer  
  104  5:58  Drone  
  104  6:01  Drone x3  
  104  6:02  Drone, Overlord  
  109  6:05  Grooved Spines  
  109  6:06  Roach  
  109  6:08  Roach  
  109  6:09  Roach  
  115  6:12  Roach  
  117  6:22  Overlord  
  117  6:24  Hydralisk x2  
  117  6:25  Roach x2  
  125  6:26  Roach x2  
  125  6:28  Roach x2  
  125  6:31  Roach  
  135  6:38  Roach  
  135  6:39  Overlord x2  
  137  6:44  Overlord  
  137  6:47  Hydralisk  
  137  6:48  Hydralisk  
  137  6:50  Hydralisk  
  137  6:53  Overlord  
  143  6:55  Lurker Den  
  143  7:00  Roach x2  
  143  7:01  Zerg Missile Weapons Level 2  
  146  7:02  Drone x2  
  146  7:05  Extractor  
  146  7:07  Roach  
  146  7:08  Roach  
  151  7:10  Drone x2  
  151  7:12  Roach x2  
  151  7:13  Roach  
  151  7:15  Hydralisk  
  161  7:16  Muscular Augments  
  161  7:18  Roach  
  161  7:20  Overlord  
  161  7:21  Overlord  
  163  7:23  Overlord  
  163  7:34  Roach x2  
  163  7:35  Roach  
  163  7:36  Hydralisk  
  169  7:42  Roach x2  
  169  7:43  Roach x2  
  169  7:44  Roach  
  181  7:46  Roach x2  
  181  7:49  Roach  
  181  7:50  Roach  
  181  7:51  Hydralisk  
  187  7:53  Zerg Ground Armor Level 2  
  187  7:54  Overlord  
  187  7:56  Roach  
  187  7:59  Roach  
  187  8:01  Roach x2  
  187  8:02  Roach  
  187  8:04  Hydralisk  
  191  8:05  Hydralisk  
  191  8:08  Roach  
  191  8:09  Roach  
  195  8:13  Overlord  
  195  8:14  Infestation Pit  
  195  8:19  Roach x2  
  192  8:20  Roach x2  
  192  8:21  Roach  
  192  8:25  Roach  
  192  8:26  Hydralisk, Roach  
  166  8:29  Roach x2  
  142  8:34  Roach  
  142  8:35  Roach  
  142  8:36  Roach x2  
  142  8:38  Roach  
  142  8:39  Hydralisk  
  142  8:42  Roach x2  
  142  8:44  Roach  
  142  8:45  Ravager x2  
  142  8:47  Roach  
  146  8:48  Roach  
  146  8:50  Roach  
  146  8:52  Roach  
  146  8:54  Ravager  
  149  8:57  Roach x2  
  149  8:58  Roach  
  153  9:03  Roach  
  153  9:04  Roach  
  153  9:05  Roach  
  153  9:08  Roach  
  153  9:09  Roach  
  149  9:16  Hydralisk x3  
  139  9:17  Roach  
  139  9:19  Roach  
  139  9:22  Hydralisk  
  131  9:25  Hydralisk, Drone x3  
  131  9:28  Roach  
  131  9:30  Lurker  
  139  9:31  Drone  
  139  9:32  Drone x2  
  139  9:35  Roach  
  139  9:37  Roach  
  139  9:38  Lurker  
  147  9:42  Drone x2  
  147  9:45  Drone  
  150  9:47  Roach  
  150  9:51  Roach x2  
  156  9:55  Roach  
  156  9:56  Lurker x2  
  156  9:57  Roach  
  156  9:59  Roach  
  164  10:01  Drone  
  164  10:02  Roach  
  164  10:03  Roach  
  164  10:04  Extractor  
  164  10:05  Roach  
  170  10:08  Roach  
  170  10:11  Roach x3  
  170  10:13  Roach  
  180  10:15  Overlord  
  180  10:17  Overlord  
  180  10:19  Overlord  
  180  10:26  Overlord  
  180  10:27  Overlord  
  180  10:29  Overlord  
  180  10:31  Hive  
  180  10:36  Lurker x3  
  180  10:37  Hydralisk  
  185  10:45  Roach  
  185  10:48  Roach x2  
  185  10:49  Roach  
  193  10:52  Roach  
  195  10:59  Hydralisk x2  
  195  11:02  Overlord  
  199  11:23  Overlord  
  199  11:24  Overlord  
  196  11:36  Hydralisk x5  
  196  11:38  Roach  
  196  11:39  Roach x2  
  188  11:41  Roach x13  
  188  11:43  Roach  
  188  11:45  Hydralisk  
  194  11:48  Hydralisk  
  194  11:49  Hydralisk  
  194  11:54  Roach x2  
  194  11:55  Roach  
  194  11:58  Roach  
  194  12:00  Roach  
  192  12:01  Roach  
  192  12:03  Roach  
  192  12:04  Roach  
  192  12:06  Hydralisk  
  198  12:09  Roach  
Tags
 
Add a new tag
Caveats
  • Supply blocks, unpowered buildings, or Contaminate may cause inaccurate times.
  • Supply counts are checked every 10 seconds.